AoeStats
← CodyTheSec

Nomad

504433260Analyzed
2v2 RM · 26d ago on Sep 5, 2026· 67m 38s· 4 players
Game mode
Random Map
Map size
176×176
Population
200
Speed
Normal
Resources
Standard
Victory
Conquest
Starting age
Dark Age
Ending age
Imperial Age
RankedLock teamsTeams togetherTeam positionsShared explorationLock speedFull tech treeHidden civsTurbo modeCheats
Victory
Defeat
🇦🇺 Khmer · Australia
906
+14
🇦🇺 Inca · Australia
845
+16
🇹🇭 Huns · Thailand
910
-17
🇹🇭 Teutons · Thailand
800
-13
CodyTheSec
11:43 Loom
13:49 Feudal Age
21:23 Castle Age
19:57 Double-Bit Axe
19:54 Horse Collar
20:08 Stone Mining
24:42 Wheelbarrow
35:49 Fletching
41:10 Gold Mining
42:43 Heavy Plow
46:00 Town Watch
46:31 Hand Cart
51:21 Imperial Age
51:47 Onager
56:29 Siege Engineers
Zozimbo
2:54 Loom
16:47 Feudal Age
18:29 Town Watch
19:24 Wheelbarrow
22:05 Castle Age
21:37 Scale Barding Armor
21:47 Forging
23:38 Chain Barding Armor
24:43 Husbandry
24:33 Horse Collar
24:40 Double-Bit Axe
40:01 Imperial Age
40:04 Cavalier
42:43 Paladin
48:48 Elite Tarkan
51:12 Plate Barding Armor
51:35 Heavy Plow
51:39 Scale Mail Armor
52:14 Iron Casting
52:50 Chemistry
53:15 Atheism
65:13 Light Cavalry
Youtellme
11:02 Loom
13:48 Feudal Age
18:09 Castle Age
19:49 Double-Bit Axe
23:47 Fishing Lines
24:14 Horse Collar
25:41 Husbandry
27:55 Heavy Plow
29:30 Gold Mining
29:30 Stone Mining
31:58 Bow Saw
33:07 Ballistics
35:21 Gold Shaft Mining
35:22 Stone Shaft Mining
35:58 Wheelbarrow
39:55 Imperial Age
38:29 Murder Holes
38:45 Masonry
38:53 Gillnets
41:55 Double Crossbow
44:50 Chemistry
43:55 Siege Engineers
45:08 Heavy Scorpion
49:14 Hoardings
50:02 Elite Ballista Elephant
51:22 Fortified Wall
56:15 Hand Cart
67:46 Tusk Swords
BottomFeeder
9:48 Loom
14:03 Feudal Age
16:36 Champi Runner
17:07 Fletching
17:18 Scale Mail Armor
18:51 Wheelbarrow
18:52 Fishing Lines
20:51 Forging
25:21 Castle Age
24:21 Padded Archer Armor
24:44 Double-Bit Axe
24:51 Gold Mining
25:23 Crossbowman
26:34 Thumb Ring
27:23 Bodkin Arrow
28:34 Chain Mail Armor
29:58 Ballistics
30:17 Bow Saw
29:34 Pikeman
31:33 Iron Casting
31:34 Leather Archer Armor
32:42 Squires
32:51 Treadmill Crane
33:17 Elite Skirmisher
36:05 Andean Sling
37:47 Gold Shaft Mining
36:56 Horse Collar
41:51 Imperial Age
39:58 Heavy Plow
42:00 Hand Cart
44:14 Chemistry
44:18 Conscription
44:28 Conscription
45:17 Siege Engineers
45:02 Arbalester
47:35 Bracer
48:46 Plate Mail Armor
54:06 Halberdier
55:55 Blast Furnace
55:36 Ring Archer Armor
59:32 Fortified Wall
67:24 Arson
Connection lost

Rejoining the realm…

Still unreachable

The connection could not be restored.

Session expired

The server has moved on; the page needs a fresh start.